SR
CROWLEY CAJUNS @ LADUE RAMS
09/09/2034
 
TOP OF THE 1ST
Crowley Cajuns batting - Pitching for Ladue Rams : LHP Ryson Polonius
Pitching: LHP Ryson Polonius
Batting: RHB Lucas Winslade 0-0: Ball
1-0: Called Strike
1-1: Ball
2-1: Ball
3-1: Called Strike
3-2: Base on Balls
Batting: RHB Steve Smith 0-0: Ball
1-0: DOUBLE (Flyball, 8LXD)
Lucas Winslade to third
Runner from 3rd tries for Home, SAFE, no throw
Batting: RHB Albert Seals 0-0: Foul Ball, location: 2F
0-1: Ball
1-1: Fly out, F4 (Popup, 4S)
Batting: LHB Stephen Goldobenko 0-0: Fly out, F7 (Flyball, 7LS)
Batting: RHB Vitorio Flores 0-0: Ball
1-0: Foul Ball, location: 2F
1-1: Foul Ball, location: 2F
1-2: Ball
2-2: Fly out, F8 (Flyball, 78D)
Top of the 1st over - 1 run, 1 hit, 0 errors, 1 left on base; Crowley 1 - Ladue 0
BOTTOM OF THE 1ST
Ladue Rams batting - Pitching for Crowley Cajuns : RHP David Silva
Pitching: RHP David Silva
Batting: LHB Harry Cornelis 0-0: Ball
1-0: Swinging Strike
1-1: Ball
2-1: SINGLE (Groundball, 4MD)
Batting: RHB Dick Melton 0-0: Ball
1-0: Called Strike
1-1: SINGLE (Flyball, 78S)
Harry Cornelis to second
Batting: RHB Louie Kennard 0-0: Ball
1-0: Called Strike
1-1: Fly out, F8 (Flyball, 78D)
Batting: RHB Rafael García 0-0: Called Strike
Harry Cornelis is caught stealing 3rd base
Dick Melton to second
0-1: Called Strike
0-2: Strikes out looking
Bottom of the 1st over - 0 runs, 2 hits, 0 errors, 1 left on base; Crowley 1 - Ladue 0
TOP OF THE 2ND
Crowley Cajuns batting - Pitching for Ladue Rams : LHP Ryson Polonius
Batting: SHB Reginald Gibson 0-0: Called Strike
0-1: Swinging Strike
0-2: Foul Ball, location: 2F
0-2: Foul Ball, location: 2F
0-2: Fly out, F3 (Popup, 34)
Batting: LHB Scott Fields 0-0: Ball
1-0: DOUBLE (Line Drive, 7LM)
Batting: SHB Jorge Indiano 0-0: Ball
1-0: Called Strike
1-1: Fly out, F4 (Popup, 34S)
Batting: RHB Dusty Hunt 0-0: Ball
1-0: Fly out, F6 (Flyball, 56D)
Top of the 2nd over - 0 runs, 1 hit, 0 errors, 1 left on base; Crowley 1 - Ladue 0
BOTTOM OF THE 2ND
Ladue Rams batting - Pitching for Crowley Cajuns : RHP David Silva
Batting: RHB Noel Peterson 0-0: Called Strike
0-1: TRIPLE (Flyball, 89XD)
Batting: RHB Y-Tic Amanap 0-0: Called Strike
0-1: Ball
1-1: Ball
2-1: Fly out, F7 (Flyball, 7D)
Runner from 3rd tags up, OUT at HOME
Batting: RHB Daron Mack 0-0: Called Strike
0-1: Foul Ball, location: 2F
0-2: Ball
1-2: Ball
2-2: Foul Ball, location: 2F
2-2: Foul Ball, location: 2F
2-2: Ball
3-2: Foul Ball, location: 2F
3-2: Strikes out looking
Bottom of the 2nd over - 0 runs, 1 hit, 0 errors, 0 left on base; Crowley 1 - Ladue 0
TOP OF THE 3RD
Crowley Cajuns batting - Pitching for Ladue Rams : LHP Ryson Polonius
Batting: RHB Lucas Winslade 0-0: Ball
1-0: Ball
2-0: Called Strike
2-1: Ball
3-1: Ground out 5-3 (Groundball, 56)
Batting: RHB Steve Smith 0-0: Foul Ball, location: 2F
0-1: Swinging Strike
0-2: Strikes out swinging
Batting: RHB Albert Seals 0-0: Foul Ball, location: 2F
0-1: Ball
1-1: Foul Ball, location: 2F
1-2: SINGLE (Line Drive, 5D)
Batting: LHB Stephen Goldobenko 0-0: Ball
Albert Seals is caught stealing 2nd base
Top of the 3rd over - 0 runs, 1 hit, 0 errors, 0 left on base; Crowley 1 - Ladue 0
BOTTOM OF THE 3RD
Ladue Rams batting - Pitching for Crowley Cajuns : RHP David Silva
Batting: RHB Ik-jun Cho 0-0: Foul Ball, location: 2F
0-1: Foul Ball, location: 2F
0-2: Fly out, F7 (Flyball, 78D)
Batting: RHB Jacob King 0-0: Ball
1-0: Called Strike
1-1: Called Strike
1-2: Ball
2-2: Foul Ball, location: 2F
2-2: Ball
3-2: Foul Ball, location: 2F
3-2: Base on Balls
Batting: LHB Harry Cornelis 0-0: Ball
1-0: Ball
2-0: Ball
3-0: Base on Balls
Jacob King to second
Batting: RHB Dick Melton 0-0: Ball
1-0: Ball
2-0: Ball
3-0: Base on Balls
Jacob King to third
Harry Cornelis to second
Batting: RHB Louie Kennard 0-0: Ball
1-0: Ball
2-0: Foul Ball, location: 2F
2-1: Fly out, F9 (Flyball, 9LMF)
Runner from 3rd tags up, SCORES, no throw
Batting: RHB Rafael García 0-0: Called Strike
0-1: Ball
1-1: Ball
2-1: Ball
3-1: Foul Ball, location: 2F
3-2: SINGLE (Groundball, 6D)
Harry Cornelis to third
Dick Melton to second
Harry Cornelis scores
Dick Melton to third
Batting: RHB Noel Peterson 0-0: SINGLE (Flyball, 8RM)
Dick Melton scores
Rafael García to second
Batting: RHB Y-Tic Amanap 0-0: Fielders Choice at 2nd, 5-4 (Groundball, 5)
Bottom of the 3rd over - 3 runs, 2 hits, 0 errors, 2 left on base; Crowley 1 - Ladue 3
TOP OF THE 4TH
Crowley Cajuns batting - Pitching for Ladue Rams : LHP Ryson Polonius
Batting: LHB Stephen Goldobenko 0-0: Ball
1-0: Swinging Strike
1-1: Ball
2-1: Ball
3-1: Ground out 4-3 (Groundball, 4)
Batting: RHB Vitorio Flores 0-0: Ball
1-0: Ball
2-0: Fly out, F9 (Flyball, 89M)
Batting: SHB Reginald Gibson 0-0: Reached via error on a dropped throw, E3
Batting: LHB Scott Fields 0-0: Called Strike
0-1: Foul Ball, location: 2F
0-2: Reached on error, E5 (Groundball, 56)
Reginald Gibson to second
Batting: SHB Jorge Indiano 0-0: Called Strike
0-1: Called Strike
0-2: SINGLE (Line Drive, 56)
Reginald Gibson to third
Scott Fields to second
Runner from 3rd tries for Home, SAFE, no throw
Batting: RHB Dusty Hunt 0-0: Swinging Strike
0-1: SINGLE (Line Drive, 8RS)
Scott Fields to third
Jorge Indiano to second
Runner from 3rd tries for Home, SAFE, no throw
Batting: RHB Lucas Winslade 0-0: Foul Ball, location: 2F
0-1: Called Strike
0-2: Ball
1-2: Ground out 3-1 (Groundball, 34)
Top of the 4th over - 2 runs, 2 hits, 2 errors, 2 left on base; Crowley 3 - Ladue 3
BOTTOM OF THE 4TH
Ladue Rams batting - Pitching for Crowley Cajuns : RHP David Silva
Batting: RHB Daron Mack 0-0: Called Strike
0-1: Called Strike
0-2: SINGLE (Line Drive, 56)
Batting: RHB Ik-jun Cho 0-0: Ball
1-0: Called Strike
1-1: Ball
2-1: Swinging Strike
2-2: Foul Ball, location: 2F
2-2: Ball
3-2: Strikes out swinging
Batting: RHB Jacob King 0-0: DOUBLE (Line Drive, 9LD)
Daron Mack to third
Batting: LHB Harry Cornelis 0-0: Ball
1-0: Fly out, F5 (Line Drive, 56)
Batting: RHB Dick Melton 0-0: Called Strike
0-1: Ball
1-1: Fly out, F6 (Line Drive, 6)
Bottom of the 4th over - 0 runs, 2 hits, 0 errors, 2 left on base; Crowley 3 - Ladue 3
TOP OF THE 5TH
Crowley Cajuns batting - Pitching for Ladue Rams : LHP Ryson Polonius
Batting: RHB Steve Smith 0-0: SINGLE (Line Drive, 78S)
Batting: RHB Albert Seals 0-0: Ball
1-0: Fly out, F3 (Popup, 3SF)
Batting: LHB Stephen Goldobenko 0-0: Called Strike
0-1: Ball
1-1: Called Strike
1-2: Foul Ball, location: 2F
1-2: Strikes out looking
Batting: RHB Vitorio Flores 0-0: Ball
1-0: Called Strike
1-1: Ball
Steve Smith is caught stealing 2nd base
Top of the 5th over - 0 runs, 1 hit, 0 errors, 0 left on base; Crowley 3 - Ladue 3
BOTTOM OF THE 5TH
Ladue Rams batting - Pitching for Crowley Cajuns : RHP David Silva
Batting: RHB Louie Kennard 0-0: Fly out, F8 (Flyball, 8LS)
Batting: RHB Rafael García 0-0: Foul Ball, location: 2F
0-1: Ball
1-1: SINGLE (Groundball, 4MD)
Batting: RHB Noel Peterson 0-0: Ball
1-0: Fly out, F7 (Flyball, 7)
Batting: RHB Y-Tic Amanap 0-0: Ball
1-0: Ball
2-0: Called Strike
2-1: Called Strike
2-2: Fly out, F3 (Popup, 3)
Bottom of the 5th over - 0 runs, 1 hit, 0 errors, 1 left on base; Crowley 3 - Ladue 3
TOP OF THE 6TH
Crowley Cajuns batting - Pitching for Ladue Rams : LHP Ryson Polonius
Batting: RHB Vitorio Flores 0-0: Foul Ball, location: 2F
0-1: Ball
1-1: Ball
2-1: Ball
3-1: Swinging Strike
3-2: DOUBLE (Flyball, 8LD)
Batting: SHB Reginald Gibson 0-0: Ball
1-0: Fly out, F9 (Flyball, 89M)
Batting: LHB Scott Fields 0-0: Called Strike
0-1: Foul Ball, location: 2F
0-2: Ball
1-2: SINGLE (Groundball, 34) (infield hit)
Vitorio Flores to third
Pitching: LHP Jeffery Meyers
Batting: SHB Jorge Indiano 0-0: Ball
1-0: Ball
Scott Fields is caught stealing 2nd base
2-0: Called Strike
2-1: Called Strike
2-2: Strikes out swinging
Top of the 6th over - 0 runs, 2 hits, 0 errors, 1 left on base; Crowley 3 - Ladue 3
BOTTOM OF THE 6TH
Ladue Rams batting - Pitching for Crowley Cajuns : RHP David Silva
Batting: RHB Daron Mack 0-0: Foul Ball, location: 2F
0-1: Fly out, F7 (Flyball, 7LD)
Batting: RHB Ik-jun Cho 0-0: Called Strike
0-1: Called Strike
0-2: Strikes out swinging
Batting: RHB Jacob King 0-0: Ball
1-0: Ball
2-0: SINGLE (Groundball, 56D)
Batting: LHB Harry Cornelis 0-0: Ball
1-0: Ball
2-0: Fly out, F2 (Popup, 2LF)
Bottom of the 6th over - 0 runs, 1 hit, 0 errors, 1 left on base; Crowley 3 - Ladue 3
TOP OF THE 7TH
Crowley Cajuns batting - Pitching for Ladue Rams : LHP Jeffery Meyers
Pinch Hitting: RHB Steve Torres 0-0: Called Strike
0-1: Ball
1-1: Foul Ball, location: 2F
1-2: Ball
2-2: Ball
3-2: Base on Balls
Batting: RHB Lucas Winslade 0-0: Called Strike
0-1: Bunted foul
0-2: Ball
Wild Pitch!
Steve Torres to second
1-2: Foul Ball, location: 2F
1-2: Ball
2-2: Foul Ball, location: 2F
2-2: Ground out 6-3 (Groundball, 6S)
Steve Torres to third
Batting: RHB Steve Smith 0-0: Ball
1-0: SINGLE (Line Drive, 8RS)
Steve Torres scores
Batting: RHB Albert Seals 0-0: Ball
Balk!
Steve Smith to second
1-0: Intentional Walk
Batting: LHB Stephen Goldobenko 0-0: Called Strike
0-1: Ball
1-1: Foul Ball, location: 2F
1-2: Fly out, F8 (Flyball, 8RXD)
Runner from 2nd tags up, SAFE at 3rd, no throw
Batting: RHB Vitorio Flores 0-0: Foul Ball, location: 2F
0-1: Ball
1-1: Foul Ball, location: 2F
1-2: Ball
2-2: Ball
3-2: SINGLE (Flyball, 7S)
Steve Smith scores
Albert Seals to second
Albert Seals to third
Pitching: RHP Kong Li
Batting: SHB Reginald Gibson 0-0: DOUBLE (Line Drive, 7LM)
Albert Seals scores
Vitorio Flores to third
Runner from 3rd tries for Home, SAFE, no throw
Batting: LHB Scott Fields 0-0: Ball
1-0: Ball
2-0: Foul Ball, location: 2F
2-1: Ground out 6-3 (Groundball, 6)
Top of the 7th over - 4 runs, 3 hits, 0 errors, 1 left on base; Crowley 7 - Ladue 3
BOTTOM OF THE 7TH
Ladue Rams batting - Pitching for Crowley Cajuns : RHP David Silva
Now at 2B: Steve Torres
Batting: RHB Dick Melton 0-0: Called Strike
0-1: SINGLE (Groundball, 56) (infield hit)
Pitching: LHP Jesús Zúñiga
Batting: RHB Louie Kennard 0-0: Called Strike
0-1: Foul Ball, location: 2F
0-2: Ball
1-2: SINGLE (Flyball, 8RS)
Dick Melton to second
Runner from 2nd tries for 3rd, SAFE, no throw
Batting: RHB Rafael García 0-0: 3-RUN HOME RUN (Line Drive, 7LD), Distance : 364 ft
Pitching: LHP Kinzo Suzuki
Batting: RHB Noel Peterson 0-0: Ball
1-0: Swinging Strike
1-1: Ball
2-1: Foul Ball, location: 2F
2-2: Ball
3-2: Strikes out swinging
Batting: RHB Y-Tic Amanap 0-0: Fly out, F3 (Popup, 23F)
Batting: RHB Daron Mack 0-0: Ball
1-0: Ball
2-0: Ball
3-0: Base on Balls
Pinch Hitting: RHB Tom Smythe 0-0: Ball
1-0: Ball
2-0: Foul Ball, location: 2F
2-1: Called Strike
2-2: Ball
3-2: Strikes out swinging
Bottom of the 7th over - 3 runs, 3 hits, 0 errors, 1 left on base; Crowley 7 - Ladue 6
TOP OF THE 8TH
Crowley Cajuns batting - Pitching for Ladue Rams : RHP Kong Li
Now at SS: Junji Ito
Batting: SHB Jorge Indiano 0-0: Ball
1-0: Called Strike
1-1: Fly out, F4 (Line Drive, 4)
Batting: RHB Steve Torres 0-0: Ball
1-0: Called Strike
1-1: Hit by Pitch
Batting: RHB Lucas Winslade 0-0: Ball
1-0: Fly out, F8 (Flyball, 8LXD)
Batting: RHB Steve Smith 0-0: Ball
1-0: Called Strike
1-1: Called Strike
1-2: Strikes out swinging
Top of the 8th over - 0 runs, 0 hits, 0 errors, 1 left on base; Crowley 7 - Ladue 6
BOTTOM OF THE 8TH
Ladue Rams batting - Pitching for Crowley Cajuns : LHP Kinzo Suzuki
Batting: RHB Jacob King 0-0: Called Strike
0-1: Foul Ball, location: 2F
0-2: Foul Ball, location: 2F
0-2: Strikes out swinging, 2-3 out at first.
Batting: LHB Harry Cornelis 0-0: Foul Ball, location: 2F
0-1: Ball
1-1: Ball
2-1: Foul Ball, location: 2F
2-2: Foul Ball, location: 2F
2-2: Strikes out looking
Batting: RHB Dick Melton 0-0: Called Strike
0-1: Foul Ball, location: 2F
0-2: Fly out, F4 (Line Drive, 4M)
Bottom of the 8th over - 0 runs, 0 hits, 0 errors, 0 left on base; Crowley 7 - Ladue 6
TOP OF THE 9TH
Crowley Cajuns batting - Pitching for Ladue Rams : RHP Kong Li
Batting: RHB Albert Seals 0-0: Fly out, F9 (Flyball, 9LMF)
Batting: LHB Stephen Goldobenko 0-0: Ball
1-0: Ball
2-0: Called Strike
2-1: Ball
3-1: Base on Balls
Batting: RHB Vitorio Flores 0-0: Called Strike
0-1: Foul Ball, location: 2F
0-2: Strikes out swinging
Batting: SHB Reginald Gibson 0-0: Swinging Strike
0-1: Called Strike
0-2: Strikes out looking
Top of the 9th over - 0 runs, 0 hits, 0 errors, 1 left on base; Crowley 7 - Ladue 6
BOTTOM OF THE 9TH
Ladue Rams batting - Pitching for Crowley Cajuns : LHP Kinzo Suzuki
Batting: RHB Louie Kennard 0-0: Ball
1-0: Ball
2-0: Foul Ball, location: 2F
2-1: Ground out 6-3 (Groundball, 6)
Batting: RHB Rafael García 0-0: Ball
1-0: Called Strike
1-1: Swinging Strike
1-2: Foul Ball, location: 2F
1-2: Ball
2-2: Strikes out looking
Batting: RHB Noel Peterson 0-0: Ball
1-0: Ball
2-0: Called Strike
2-1: Foul Ball, location: 2F
2-2: Ball
3-2: Foul Ball, location: 2F
3-2: Base on Balls
Batting: RHB Y-Tic Amanap 0-0: Ball
1-0: Called Strike
1-1: Called Strike
1-2: Ball
2-2: Ball
3-2: Foul Ball, location: 2F
3-2: Strikes out swinging
Bottom of the 9th over - 0 runs, 0 hits, 0 errors, 1 left on base; Crowley 7 - Ladue 6
Friday, March 29th, 2019 - OOTP Baseball 18.8 Build 76